 Dungeon Crawl Stone Soup version 0.19-a0-1653-g922d709 (webtiles) character file.

175 Geomchi the Caller (level 5, -1/35 HPs)
             Began as a Demonspawn Summoner on Sept 20, 2016.
             Killed from afar by Ijyb (19 damage)
             ... with a wand of lightning
             ... on level 3 of the Dungeon.
             The game lasted 00:04:31 (3175 turns).

Geomchi the Caller (Demonspawn Summoner)            Turns: 3175, Time: 00:04:32

Health: -1/35      AC:  3    Str:  8    XL:     5   Next: 29%
Magic:  17/19      EV: 12    Int: 17    God:
Gold:   154        SH:  4    Dex: 14    Spells: 3 memorised, 5 levels left

rFire  . . .     SeeInvis .     i - +2 dagger (flame)
rCold  . . .     Gourm    .     a - +0 robe
rNeg   . . .     Faith    .     (no shield)
rPois  .         Spirit   .     (helmet restricted)
rElec  .         Dismiss  .     (no cloak)
rCorr  .         Reflect  .     d - +0 pair of gloves
MR     .....     Harm     .     (no boots)
Stlth  ++........               (no amulet)
                                (no ring)
                                k - ring of magical power

@: no status effects
A: horns 1, large bone plates 1, demonic guardian 1
a: no special abilities


You were on level 3 of the Dungeon.
You were not hungry.

You visited 1 branch of the dungeon, and saw 3 of its levels.

You collected 154 gold pieces.

Inventory:

Hand Weapons
 i - a +2 dagger of flaming (weapon)
Armour
 a - a +0 robe (worn)
 d - a +0 pair of gloves (worn)
Jewellery
 k - a ring of magical power (left hand)
 m - a +2 ring of protection {unknown}
Scrolls
 f - a scroll of magic mapping {unknown}
 h - a scroll of enchant armour {unknown}
 j - 2 scrolls of recharging {unknown}
 l - 2 scrolls of remove curse {unknown}
 o - a scroll of random uselessness {unknown}
Potions
 e - a potion of resistance {unknown}
 p - a potion of curing {unknown}
Books
 b - a book of Callings

   Spells                             Type                      Level
   a - Summon Small Mammal            Summoning                    1
   b - Call Imp                       Summoning                    2
   c - Call Canine Familiar           Summoning                    3
   d - Summon Guardian Golem          Hexes/Summoning              3
   e - Summon Lightning Spire         Summoning/Air                4
   f - Summon Ice Beast               Ice/Summoning                4
Comestibles
 c - 5 bread rations {@e1}
 g - a meat ration {@e2}
 n - 3 chunks of flesh {@w0}


   Skills:
 - Level 1.7 Dodging
 - Level 1.7 Stealth
 + Level 3.8 Spellcasting
 + Level 5.5 Summonings


You had 5 spell levels left.
You knew the following spells:

 Your Spells              Type           Power        Failure   Level  Hunger
a - Summon Small Mammal   Summ           ###.         1%          1    None
b - Call Imp              Summ           ###.....     2%          2    ##.....
c - Call Canine Familiar  Summ           ###.....     8%          3    ###....


Dungeon Overview and Level Annotations

Branches:
Dungeon (3/15)

Altars:

Annotations:
D:3 Ijyb


Innate Abilities, Weirdness & Mutations

You have a pair of small horns on your head.
You are partially covered in large bone plates. (SH +4)
A weak demonic guardian rushes to your aid.


Message History

What are your orders? t - Shout!
Orders for allies: a - Attack new target. r - Retreat! s - Stop attacking. g - Guard the area. f - Follow me.
Anything else - Cancel.
Gang up on whom?
Aim: Ijyb, wearing a scale mail Attack!
Ijyb zaps a wand.
The bolt of lightning hits you!
The bolt of lightning misses your hound.
It is a wand of lightning.
A metallic apparition takes form in the air.
You take 17 damage, and have 18/35 hp.
MASSIVE DAMAGE!!
You now have 17/19 mp.
Your white imp hits Ijyb.
Your white imp freezes Ijyb.
Your hound barely misses Ijyb.
Ijyb zaps a wand.
The bolt of lightning hits your white imp.
Your white imp dies!
The bolt of lightning hits you!
Ouch! That really hurt!
You die...

## .# ..# ..# #..#
#####g.#
##########.5..h.#
####......##..##@..#
..........#...5....#
...................#
..........##.......#
...................#
........#..........#
......###....#######
.......##†..##
............#


You could see Ijyb, a friendly hound, a friendly iron imp and a friendly crimson
imp.

Vanquished Creatures
  An adder (D:2)
  A giant cockroach (D:1)
  A goblin (D:1)
  2 hobgoblins (D:1)
  3 jackals
  2 bats
  A frilled lizard (D:2)
  2 kobolds (D:1)
  4 rats
17 creatures vanquished.

Vanquished Creatures (collateral kills)
  Sigmund (D:2)
  Natasha (twice) (D:3)
  An adder (D:2)
  2 worms (D:3)
  2 dart slugs (D:1)
  2 leopard geckos
  An orc (D:2)
  3 bats
  3 giant cockroaches (D:2)
  3 goblins
  8 hobgoblins
  6 jackals
  A quokka (D:2)
  A frilled lizard (D:2)
  3 kobolds
  7 rats
46 creatures vanquished.

Grand Total: 63 creatures vanquished

Notes
Turn   | Place    | Note
-------+----------+-------------------------------------------
     0 | D:1      | Geomchi the Demonspawn Summoner began the quest for the Orb.
     0 | D:1      | Reached XP level 1. HP: 13/13 MP: 3/3
   459 | D:1      | Gained mutation: A weak demonic guardian rushes to your aid. [demonic ancestry]
   459 | D:1      | Reached XP level 2. HP: 10/19 MP: 1/5
   469 | D:1      | Learned a level 2 spell: Call Imp
  1217 | D:2      | Gained mutation: You have a pair of small horns on your head. [demonic ancestry]
  1217 | D:2      | Reached XP level 3. HP: 22/24 MP: 7/7
  1592 | D:2      | Learned a level 3 spell: Call Canine Familiar
  2094 | D:2      | Noticed Sigmund
  2117 | D:2      | Killed Sigmund
  2117 | D:2      | Reached skill level 5 in Summonings
  2117 | D:2      | Reached XP level 4. HP: 30/30 MP: 7/9
  2796 | D:3      | Noticed Natasha
  2806 | D:3      | Killed Natasha
  2806 | D:3      | Gained mutation: You are partially covered in large bone plates. (SH +4) [demonic ancestry]
  2806 | D:3      | Reached XP level 5. HP: 35/35 MP: 10/10
  2816 | D:3      | Noticed Natasha
  2823 | D:3      | Killed Natasha
  3171 | D:3      | Noticed Ijyb
  3175 | D:3      | Killed from afar by Ijyb

Vault maps used:
D:1:      dpeg_arrival_solitude
D:2:      minmay_split_cup_large, uniq_sigmund
D:3:      marbit_many_paths, grunt_temple_overflow_champion_of_chaos,
          gup_sewer_entry_pipe, nicolae_tso_swordbearing_angel, uniq_iyjb,
          uniq_natasha, uniq_robin

Skill      XL: |  1  2  3 |
---------------+----------+-----
Spellcasting   | 3 |  3.8
Summonings     | 5 |  5.5
Dodging        | |  1.7
Stealth        | |  1.7

Action                   |  1- 3 |  4- 6 || total
-------------------------+-------+-------++-------
Melee: Dagger            |    38 |    10 ||    48
       Headbutt          |     2 |     1 ||     3
 Cast: Summon Small Mamm |    20 |       ||    20
       Call Imp          |    35 |    21 ||    56
       Call Canine Famil |     6 |     8 ||    14
 Stab: Sleeping          |       |     1 ||     1
  Eat: Chunk             |     5 |     6 ||    11
Armor: Robe              |    14 |     2 ||    16
Dodge: Dodged            |    32 |    11 ||    43
